 Dungeon Crawl Stone Soup version 0.32-a0-876-gcfddb08e57 (webtiles) character file.

Game seed: 7653795571644105204

3367 Armakuni the Cruncher (level 10, 0/74 HPs)
             Began as a Human Artificer on Apr 1, 2024.
             Was a Believer of Beogh.
             Succumbed to a killer bee's poison
             ... on level 9 of the Dungeon.
             The game lasted 00:16:40 (8907 turns).

Armakuni the Cruncher (Human Artificer)             Turns: 8907, Time: 00:16:41

Health: 0/74       AC:  8    Str: 17    XL:     10   Next: 3%
Magic:  11/11      EV: 10    Int: 12    God:    Beogh [**....]
Gold:   563        SH:  0    Dex: 13    Spells: 9/9 levels left

rFire   + . .        a - +7 lajatang (spect)
rCold   + . .        (shield currently unavailable)
rNeg    . . .        A - +0 steam dragon scales
rPois   +            q - +0 helmet
rElec   +            b - +0 cloak
rCorr   +            (no gloves)
SInv    .            z - +0 pair of boots
Will    .....        (no amulet)
Stlth   ++           (no ring)
HPRegen 0.32/turn    (no ring)
MPRegen 0.12/turn

%: no passive effects
@: lethally poisoned (0 -> -6), resistant, on berserk cooldown, slowed, very
slow
A: explore regen
a: Renounce Religion, Smiting


You were on level 9 of the Dungeon.
You worshipped Beogh.
Beogh was pleased with you.
You visited 1 branch of the dungeon, and saw 9 of its levels.

You collected 563 gold pieces.

Inventory:

Hand Weapons
 a - a +7 spectral lajatang (weapon)
Missiles
 h - 22 poisoned darts
 m - a silver javelin
Armour
 b - a +0 cloak (worn)
 q - a +0 helmet (worn)
 u - a +0 plate armour
 z - a +0 pair of boots (worn)
 A - +0 steam dragon scales (worn)
Jewellery
 F - a ring of fire
 J - a ring of ice
Wands
 c - a wand of charming (16)
 v - a wand of flame (11) (quivered)
 w - a wand of warping (3)
Scrolls
 d - a scroll of revelation
 e - 4 scrolls of identify
 i - 3 scrolls of poison
 j - 2 scrolls of enchant armour
 p - 2 scrolls of fear
 x - 3 scrolls of vulnerability
 y - a scroll of enchant weapon
 B - a scroll of fog
 D - a scroll of summoning {unknown}
Potions
 f - 2 potions of berserk rage
 k - 2 potions of haste
 l - a potion of heal wounds {unknown}
 n - 2 potions of brilliance {unknown}
 o - 3 potions of enlightenment {unknown}
 r - a potion of lignification {unknown}
 s - 2 potions of attraction {unknown}
 t - 2 potions of cancellation {unknown}
 C - a potion of magic {unknown}


   Skills:
 - Level 5.0 Fighting
 - Level 11.9 Staves
 - Level 2.0 Armour
 - Level 1.0 Dodging
 - Level 1.0 Stealth
 + Level 2.5 Invocations
 - Level 5.0 Evocations


You had 9 spell levels left.
You didn't know any spells.
Your spell library contained the following spells:

 Spells                   Type           Power      Damage    Failure   Level
 Magic Dart               Conj           0%         1d3       32%         1
 Scorch                   Fire           0%         2d5       45%         2
 Searing Ray              Conj           0%         2d4       45%         2
 Flame Wave               Conj/Fire      0%         2d4       97%         4
 Fulminant Prism          Conj/Alch      0%         3d5       97%         4
 Summon Cactus Giant      Summ           0%         N/A       100%        6


Dungeon Overview and Level Annotations

Branches:
Dungeon (9/15)             Temple (0/1) D:5             Orc (0/2) D:9
   Lair: D:8-11

Altars:
Ashenzari
Dithmenos
Gozag
Qazlal
Uskayaw
Vehumet
Xom


Innate Abilities, Weirdness & Mutations

Your facial features look somewhat orcish.
You regain HP and MP as you explore.


Message History

Your +7 spectral lajatang hits the killer bee.
You feel sick.
The killer bee stings you but does no damage. x2
The killer bee completely misses you.
You closely miss the killer bee.
The killer bee is moderately wounded.
Your +7 spectral lajatang hits the killer bee!
You kill the killer bee!
Beogh accepts your kill.
You feel sick. The killer bee closely misses you.
Your Invocations skill increases to level 2!
You swap places.
Your +7 spectral lajatang disappears.
You feel sick.
The killer bee attacks as it pursues you!
The killer bee stings you.
* * * LOW HITPOINT WARNING * * *
You are more poisoned.
The killer bee poisons you!
You slash the killer bee!
You kill the killer bee!
Beogh accepts your kill.
You feel sick.
You feel sick.
You feel a strong urge to attack something.
You are no longer berserk.
You are exhausted.
You feel yourself slow down.
* * * LOW HITPOINT WARNING * * *
You feel sick.
The killer bee stings you but does no damage.
You miss the killer bee.
* * * LOW HITPOINT WARNING * * *
You feel sick. The killer bee stings you.
* * * LOW HITPOINT WARNING * * *
The killer bee barely misses you.
The killer bee stings you but does no damage. x2
It was a potion of resistance.
You feel protected.
You die...

###....... #....###'#+####
#........ #..............
......... #..............
......... #..............
......... #.............. ####
#.............. .....
####..............
.$....########y................
.............y@................
....###########################
.


You could see 2 killer bees.

Vanquished Creatures
  The ghost of nuthulu the Trooper, a novice MiFi (D:6)
  A troll (D:9)
  A wyvern (D:7)
  4 vampire mosquitoes (D:8)
  2 steam dragons (D:8)
  A water moccasin (D:6)
  3 orc warriors (D:7)
  A centaur (D:6)
  2 kobold brigands (D:7)
  Blork the orc (D:5)
  4 bullfrogs
  A scorpion (D:6)
  2 killer bees (D:9)
  2 bombardier beetles (D:3)
  2 hounds
  A jelly (D:8)
  2 orc priests
  Crazy Yiuf (D:4)
  2 iguanas
  5 sleepcaps
  Natasha (thrice) (D:2)
  7 orc wizards
  Robin (D:2)
  A gnoll (D:3)
  5 adders
  4 ufetubi
  2 dart slugs (D:1)
  17 orcs
  4 endoplasms
  3 giant cockroaches
  17 goblins
  10 hobgoblins
  4 jackals (D:5)
  13 kobolds
  A quokka (D:3)
  10 ball pythons
  2 bats
  5 rats
148 creatures vanquished.

Vanquished Creatures (collateral kills)
  A gnoll (D:3)
  A ribbon worm (D:6)
  A goblin (D:2)
  A jackal (D:2)
4 creatures vanquished.

Vanquished Creatures (others)
  A bullfrog (D:6)
  A gnoll (D:3)
  7 orcs
9 creatures vanquished.

Grand Total: 161 creatures vanquished

Notes
Turn   | Place    | Note
-------+----------+-------------------------------------------
     0 | D:1      | Armakuni the Human Artificer began the quest for the Orb.
     0 | D:1      | Reached XP level 1. HP: 15/15 MP: 1/1
   378 | D:1      | Reached XP level 2. HP: 13/21 MP: 2/2
   599 | D:2      | Noticed Natasha
   601 | D:2      | Killed Natasha
   602 | D:2      | Reached XP level 3. HP: 26/26 MP: 3/3
   639 | D:2      | Found a faded altar of an unknown god.
  1055 | D:2      | Reached XP level 4. HP: 12/32 MP: 4/4
  1279 | D:2      | Reached skill level 5 in Evocations
  1279 | D:2      | Reached skill level 1 in Staves
  1304 | D:2      | Noticed Natasha
  1305 | D:2      | Killed Natasha
  1306 | D:2      | Reached skill level 2 in Staves
  1306 | D:2      | Reached XP level 5. HP: 36/37 MP: 5/5
  1433 | D:2      | Noticed Robin
  1439 | D:2      | Killed Robin
  1707 | D:2      | Noticed Natasha
  1715 | D:2      | Killed Natasha
  1716 | D:2      | Reached skill level 3 in Staves
  2119 | D:3      | Found a shadowy altar of Dithmenos.
  2224 | D:3      | Reached XP level 6. HP: 33/43 MP: 6/6
  2634 | D:3      | Reached skill level 4 in Staves
  2830 | D:3      | Found an opulent altar of Gozag.
  2902 | D:4      | Became a worshipper of Beogh the Shepherd
  2972 | D:4      | Found a hide-covered altar of Uskayaw.
  3482 | D:4      | Found a radiant altar of Vehumet.
  3502 | D:4      | Found a broken altar of Ashenzari.
  3736 | D:4      | Found a runed translucent door.
  3737 | D:4      | Noticed Crazy Yiuf
  4278 | D:4      | Killed Crazy Yiuf
  4279 | D:4      | Reached skill level 5 in Staves
  4336 | D:5      | Entered Level 5 of the Dungeon
  4360 | D:5      | Noticed Blork the orc
  4366 | D:5      | Killed Blork the orc
  4369 | D:5      | Reached XP level 7. HP: 49/51 MP: 7/7
  4572 | D:5      | Found a staircase to the Ecumenical Temple.
  4607 | D:5      | Identified a scroll of acquirement
  4607 | D:5      | Acquired a +6 spectral lajatang
  4613 | D:5      | Reached * piety under Beogh
  5756 | D:6      | Reached skill level 6 in Staves
  5756 | D:6      | Reached XP level 8. HP: 24/61 MP: 8/8
  6134 | D:6      | Found a runed translucent door.
  6207 | D:6      | Noticed nuthulu's ghost (novice MiFi)
  6250 | D:6      | Found a runed translucent door.
  6267 | D:6      | Reached skill level 5 in Fighting
  6664 | D:6      | Killed nuthulu's ghost
  6665 | D:6      | Reached skill level 7 in Staves
  6675 | D:6      | Reached skill level 8 in Staves
  6866 | D:7      | Reached skill level 9 in Staves
  6866 | D:7      | Reached XP level 9. HP: 40/68 MP: 9/9
  7261 | D:7      | Reached ** piety under Beogh
  7384 | D:7      | Reached skill level 10 in Staves
  8203 | D:8      | Reached skill level 11 in Staves
  8680 | D:9      | Found a shimmering altar of Xom.
  8737 | D:9      | Noticed a troll
  8743 | D:9      | Killed a troll
  8773 | D:9      | Found a staircase to the Orcish Mines.
  8803 | D:9      | Found a stormy altar of Qazlal.
  8835 | D:9      | Reached skill level 1 in Invocations
  8835 | D:9      | Reached XP level 10. HP: 61/74 MP: 9/11
  8906 | D:9      | HP: 2/74 [killer bee (6)]
  8907 | D:9      | Succumbed to a killer bee's poison

Illustrated notes

Levels and vault maps discovered:
D:1:      roderic_octagonal_star, layout_rooms
D:2:      wad_woods_pond, layout_loops_ring,
          shapermc_ecumenical_altar_mp_ritualfount,
          chequers_serial_rivers_micro_a, minmay_between, uniq_robin,
          uniq_natasha
D:3:      layout_basic, nicolae_overflow_crystal_walls, lemuel_crystal_altar,
          minmay_misc_feat_columns
D:4:      layout_layer_cave, mainiacjoe_overflow_cross_hatched,
          fiery_altar_vehumet, nicolae_uskayaw_murder_on_the_dancefloor,
          serial_bayou_pond_d, uniq_crazy_yiuf_cottage
D:5:      layout_basic, minmay_temple_entry_gardened_gates,
          minmay_misc_feat_more_columns, serial_park_tiny_1, uniq_blork_the_orc
D:6:      layout_layer_cave, ebering_ghost_sewer_f
D:7:      layout_cave_pods, minivault_5
D:8:      layout_basic, roderic_malta_cross
D:9:      layout_irregular_city, nicolae_qazlal_general_emergency,
          regret_index_xom_buried_treasure

Skill      XL: |  1  2  3  4  5  6  7  8  9 10 |
---------------+-------------------------------+-----
Evocations     | 4 5 |  5.0
Staves         | 2 3 5 6 9 11 | 11.9
Fighting       | 2 4 5 |  5.0
Invocations    | 1 2 |  2.5
Armour         | |  2.0
Dodging        | |  1.0
Stealth        | |  1.0

Action                     |  1- 3 |  4- 6 |  7- 9 | 10-12 || total
---------------------------+-------+-------+-------+-------++-------
  Melee: Staff             |    99 |   175 |       |       ||   274
         Quarterstaff      |       |     1 |    11 |       ||    12
         Lajatang          |       |       |   160 |    10 ||   170
  Throw: Dart              |    13 |    21 |       |       ||    34
         Javelin           |       |     6 |       |       ||     6
 Invoke: Convert to Beogh  |       |     1 |       |       ||     1
  Evoke: Wand              |     3 |    29 |     1 |       ||    33
    Use: Scroll            |       |     1 |    10 |       ||    11
         Potion            |       |       |       |     2 ||     2
   Stab: Sleeping          |       |     3 |       |       ||     3
         Distracted        |       |       |     2 |       ||     2
 Armour: Leather armour    |    76 |    89 |       |       ||   165
         Ring mail         |       |    49 |   144 |       ||   193
         Steam dragon scal |       |       |    26 |    23 ||    49
  Dodge: Dodged            |    52 |   102 |    92 |    11 ||   257

Table legend: (Time is in decaauts)
 A = Elapsed time spent in this place.
 B = Non-inter-level travel time spent in this place.
 C = Inter-level travel time spent in this place.
 D = Time resting spent in this place.
 E = Time spent auto-exploring this place.
 F = Levels seen in this place.
 G = Mean time per level.
                   A        B        C        D        E       F      G
               +--------+--------+--------+--------+--------+-----+--------+
         Total |   8947 |   8655 |    292 |    402 |   6365 |   9 |  994.1 |
       Dungeon |   8947 |   8655 |    292 |    402 |   6365 |   9 |  994.1 |
               +--------+--------+--------+--------+--------+-----+--------+

Top non-repeatable levels by time:
     D:4: 1626 daAuts
     D:2: 1534 daAuts
     D:6: 1405 daAuts
     D:7: 988 daAuts
     D:5: 913 daAuts
     D:8: 887 daAuts
     D:3: 766 daAuts
     D:1: 597 daAuts
     D:9: 226 daAuts
